 Dungeon Crawl Stone Soup version 0.29-a0-266-gf56f883ddd (webtiles) character file.

Game seed: 12703763421933118468

19341 freelancePsychic the Geomancer (level 12, -3/106 HPs)
             Began as a Yellow Draconian Earth Elementalist on Mar 6, 2022.
             Was an Elder of Vehumet.
             Slain by a komodo dragon (22 damage)
             ... on level 3 of the Lair of Beasts.
             The game lasted 00:33:41 (15867 turns).

freelancePsychic the Geomancer (DrEE)              Turns: 15867, Time: 00:33:42

Health: -3/106     AC: 13    Str: 10    XL:     12   Next: 35%
Magic:  14/21      EV: 13    Int: 21    God:    Vehumet [****..]
Gold:   379        SH:  0    Dex: 12    Spells: 14/24 levels left

rFire   . . .      SeeInvis .   e - +2 dagger
rCold   . . .      Faith    .   n - orb {guile}
rNeg    . . .      Spirit   .   (body armour unavailable)
rPois   +          Reflect  .   (helmet restricted)
rElec   .          Harm     .   g - +1 cloak
rCorr   +          Rampage  .   (no gloves)
Will    .....                   H - +2 pair of boots
Stlth   +++.......              G - amulet of regeneration
HPRegen 1.07/turn               r - ring of willpower
MPRegen 0.17/turn               u - ring of poison resistance

@: no status effects
A: spit acid, AC +8, unfitting armour, cold-blooded, acid resistance
a: Breathe Acid, Renounce Religion


You were on level 3 of the Lair of Beasts.
You worshipped Vehumet.
Vehumet was greatly pleased with you.
You visited 2 branches of the dungeon, and saw 13 of its levels.

You collected 686 gold pieces.
You spent 307 gold pieces at shops.

Inventory:

Hand Weapons
 e - a +2 dagger (weapon)
Missiles
 a - 156 stones
Armour
 g - a +1 cloak (worn)
 n - an orb of guile (worn)
 H - a +2 pair of boots (worn)
Magical Staves
 f - a staff of fire
 h - a staff of cold
Jewellery
 r - a ring of willpower (left hand)
 u - a ring of poison resistance (right hand)
 y - an amulet of reflection
 G - an amulet of regeneration (around neck)
 I - a ring of protection from cold
 J - a ring of protection from cold
 L - an amulet of magic regeneration
Wands
 m - a wand of mindburst (9)
 o - a wand of acid (21)
 A - a wand of polymorph (2)
 B - a wand of paralysis (1)
Scrolls
 j - 2 scrolls of blinking
 l - 2 scrolls of amnesia
 p - 2 scrolls of silence
 s - 2 scrolls of magic mapping
 x - a scroll of torment {unknown}
 z - 6 scrolls of teleportation {@r4}
 C - 2 scrolls of immolation
 D - 4 scrolls of identify {@r1}
 K - a scroll of fear {unknown}
Potions
 b - a potion of mutation {unknown}
 c - 10 potions of curing {@q1}
 d - 2 potions of resistance
 i - 2 potions of lignification
 k - 2 potions of brilliance {unknown}
 q - 2 potions of attraction {unknown}
 t - 2 potions of heal wounds {@q2}
 v - 2 potions of might
 w - a potion of haste {unknown}
 E - a potion of ambrosia
 M - a potion of berserk rage {unknown}
 N - a potion of invisibility {unknown}
Miscellaneous
 F - a tin of tremorstones (2/2)


   Skills:
 - Level 10.0 Fighting
 - Level 4.0 Short Blades
 + Level 3.7 Dodging
 - Level 7.5 Stealth
 - Level 6.5 Spellcasting
 - Level 7.6 Conjurations
 + Level 8.0 Transmutations
 + Level 10.3 Earth Magic


You had 14 spell levels left.
You knew the following spells:

 Your Spells              Type           Power      Damage    Failure   Level
a - Sandblast             Erth           100%       2d20      1%          1
b - Stone Arrow           Conj/Erth      88%        3d12      1%          3
c - Passwall              Tmut/Erth      37%        N/A       1%          2
d - Petrify               Tmut/Erth      45%        N/A       2%          4

Your spell library contained the following spells:

 Spells                   Type           Power      Damage    Failure   Level
 Conjure Flame            Conj/Fire      22%        6-21      1%          3
 Wereblood                Tmut           40%        N/A       1%          2
 Freeze                   Ice            24%        1d5       2%          1
 Hailstorm                Conj/Ice       22%        3d7       5%          4
 Frozen Ramparts          Ice            12%        1d3       8%          3
 Sublimation of Blood     Necr           6%         N/A       14%         2
 Summon Ice Beast         Ice/Summ       6%         N/A       67%         4
 Summon Mana Viper        Hex/Summ       6%         N/A       95%         5
 Monstrous Menagerie      Summ           3%         N/A       100%        7
 Summon Hydra             Summ           3%         N/A       100%        7


Dungeon Overview and Level Annotations

Branches:
Dungeon (10/15)            Temple (0/1) D:4            Lair (3/6) D:8
 Shoals (0/4) Lair:2
  Snake: Lair:2-4    Spider: Lair:2-4       Orc: D:9-12

Altars:
Elyvilon
Okawaru
Vehumet

Shops:
D:4 *   D:5 ?(**[[

Annotations:
D:3 exclusion: 2 gnolls, Natasha
D:5 2 transporters, Deaus's ghost, novice VSFi
D:7 3 runed translucent doors, drugrobin's ghost, novice DgFi
D:9 exclusion: downstairs
Lair:2 2 runed translucent doors, indyram44's ghost, journeyman DrCj
Lair:3 1 runed translucent door, Soisamn's ghost, journeyman GnCA


Innate Abilities, Weirdness & Mutations

You can spit globs of acid.
Your golden yellow scales are hard. (AC +8)
You cannot fit into any form of body armour.
You are cold-blooded and may be slowed by cold attacks.
You are resistant to acid. (rCorr)


Message History

Found a pair of gloves and 12 gold pieces.
The komodo dragon hisses angrily. x3
Casting: Petrify (mildly dangerous; 2% risk of failure)
Confirm with . or Enter, or press ? or * to list all spells.
Aiming: Petrify (mildly dangerous; 2% risk of failure)
Press: ? - help, Shift-Dir - straight line, f - komodo dragon
Aim: a komodo dragon (chance to affect: 83%)
The komodo dragon is moving more slowly.
The komodo dragon bites you! The komodo dragon barely misses you.
Casting: Petrify (mildly dangerous; 2% risk of failure)
Confirm with . or Enter, or press ? or * to list all spells.
Aiming: Petrify (mildly dangerous; 2% risk of failure)
Press: ? - help, Shift-Dir - straight line, f - komodo dragon, p - komodo dragon
Aim: a komodo dragon (chance to affect: 83%)
The komodo dragon is moving more slowly.
The komodo dragon bites you. The komodo dragon bites you!!
Casting: Petrify (mildly dangerous; 2% risk of failure)
Confirm with . or Enter, or press ? or * to list all spells.
Aiming: Petrify (mildly dangerous; 2% risk of failure)
Press: ? - help, Shift-Dir - straight line, f/p - komodo dragon
Aim: a komodo dragon (petrifying slowly, chance to affect: 83%) Nothing appears to happen.
The komodo dragon barely misses you.
The helpless komodo dragon fails to defend itself.
You impale the komodo dragon!!
You tail-slap the komodo dragon, but do no damage.
The komodo dragon is moderately wounded.
The komodo dragon barely misses you.
The helpless komodo dragon fails to defend itself.
You spit the komodo dragon like a pig!!!
The komodo dragon is severely wounded.
The komodo dragon bites you!!
The helpless komodo dragon fails to defend itself.
You impale the komodo dragon!!
You kill the komodo dragon!
Vehumet accepts your kill.
You feel your power returning. The komodo dragon bites you!!
* * * LOW HITPOINT WARNING * * *
The komodo dragon attacks as you move away!
The komodo dragon bites you!!
You die...

....................#.P...# ##
.#........................## #
.....................###...## ##
..P..............#..##.##...# #.
P.#.........P#.######..##..## ###
#.............##.[$ #P..#...###.#
..............##.. ###..#..##...#
..............#ll###.##.P......#.
............P.##@##..........##..
..............##..P.P.##P...#....
......}.......#......####.##.....
..............##P#####.P#....###.
...........†...#####........####.
.....#P......#.............##....
...........##..........#...###.##
.........###..........†....######
........#.#####.......).....#


You could see 2 komodo dragons.

Vanquished Creatures
  2 hydras
  A catoblepas (Lair:1)
  3 two-headed ogres
  Sonja (Lair:3)
  2 merfolk sirens (Lair:2)
  4 black mambas
  A torpor snail (Lair:2)
  Maggie (D:8)
  5 cane toads
  6 komodo dragons
  A polar bear (Lair:2)
  A merfolk (Lair:2)
  Prince Ribbit (D:6)
  Grinder (D:6)
  8 blink frogs
  2 dream sheep (Lair:3)
  A shadow (D:9)
  A wraith (D:8)
  Sigmund (D:3)
  3 wyverns
  A basilisk (Lair:3)
  7 yaks
  A steam dragon (D:7)
  10 water moccasins
  3 orc warriors
  2 sky beasts
  2 black bears (D:8)
  2 ogres
  6 centaurs
  3 kobold brigands
  6 bullfrogs
  A necrophage (D:6)
  A gnoll sergeant (D:9)
  3 wights (D:6)
  10 killer bees
  2 howler monkeys
  2 electric eels
  6 jellies
  6 orc priests
  2 hounds (D:5)
  6 iguanas
  4 orc wizards
  5 gnolls (D:9)
  11 adders
  2 shadow imps
  An ufetubus (D:7)
  2 worms
  2 dart slugs
  30 orcs
  4 bats
  8 endoplasms
  6 giant cockroaches
  4 goblins
  7 hobgoblins
  7 jackals
  4 quokkas
  3 ball pythons
  4 frilled lizards
  17 kobolds
  9 rats
258 creatures vanquished.

Vanquished Creatures (collateral kills)
  A merfolk siren (Lair:2)
1 creature vanquished.

Vanquished Creatures (others)
  15 fungi
  14 plants
29 creatures vanquished.

Grand Total: 288 creatures vanquished

Notes
Turn   | Place    | Note
-------+----------+-------------------------------------------
     0 | D:1      | freelancePsychic the Draconian Earth Elementalist began the
                  | quest for the Orb.
     0 | D:1      | Reached XP level 1. HP: 14/14 MP: 3/3
   182 | D:1      | Reached skill level 1 in Conjurations
   195 | D:1      | Reached XP level 2. HP: 20/20 MP: 3/5
   868 | D:1      | Reached XP level 3. HP: 26/26 MP: 2/6
  1286 | D:2      | Learned a level 3 spell: Stone Arrow
  1354 | D:2      | Found an iron altar of Okawaru.
  1581 | D:2      | Found a faded altar of an unknown god.
  1916 | D:2      | Reached XP level 4. HP: 33/33 MP: 7/7
  2037 | D:3      | Noticed Sigmund
  2154 | D:3      | Noticed Natasha
  2360 | D:3      | Killed Sigmund
  2361 | D:3      | Reached skill level 5 in Earth Magic
  2361 | D:3      | Reached XP level 5. HP: 32/38 MP: 2/8
  2814 | D:3      | Found a radiant altar of Vehumet.
  2828 | D:3      | Became a worshipper of Vehumet
  2904 | D:3      | Found a white marble altar of Elyvilon.
  3606 | D:4      | Found Semoaf's Gadget Gallery.
  3611 | D:4      | Reached XP level 6. HP: 45/45 MP: 6/9
  4080 | D:4      | Found a staircase to the Ecumenical Temple.
  4404 | D:5      | Entered Level 5 of the Dungeon
  4407 | D:5      | Found Teleur's Elemental Accessories.
  4452 | D:5      | Reached skill level 1 in Fighting
  4523 | D:5      | Noticed a sky beast
  4532 | D:5      | Killed a sky beast
  4606 | D:5      | Learned a level 4 spell: Petrify
  4649 | D:5      | Found Yqias's General Store.
  4659 | D:5      | Bought a scroll of magic mapping for 38 gold pieces
  4659 | D:5      | Bought a potion of heal wounds for 55 gold pieces
  4663 | D:5      | Your scales start taking on a golden yellow colour.
  4663 | D:5      | Reached XP level 7. HP: 55/55 MP: 8/10
  4663 | D:5      | Gained mutation: You are resistant to acid. (rCorr) [Yellow
                  | Draconian growth]
  4683 | D:5      | Reached * piety under Vehumet
  4683 | D:5      | Offered knowledge of Freeze by Vehumet.
  4726 | D:5      | Noticed Deaus's ghost (novice VSFi)
  4945 | D:5      | Found a transporter.
  4950 | D:5      | Found a transporter.
  5041 | D:5      | Found Suuqipli's Weapon Boutique.
  5092 | D:5      | Found Guilir's Magic Scroll Emporium.
  5196 | D:5      | Found Piqow's Armour Emporium.
  5248 | D:5      | Found Biyn's Antique Armour Shop.
  5427 | D:6      | Noticed Grinder
  5523 | D:6      | Noticed Prince Ribbit
  5534 | D:6      | Killed Prince Ribbit
  5535 | D:6      | Reached skill level 1 in Short Blades
  5535 | D:6      | Reached XP level 8. HP: 48/66 MP: 6/11
  5906 | D:6      | Killed Grinder
  6594 | D:6      | Reached skill level 5 in Transmutations
  6772 | D:7      | Noticed drugrobin's ghost (novice DgFi)
  6780 | D:7      | Found a runed translucent gate.
  6780 | D:7      | Found a runed translucent gate.
  6833 | D:7      | Offered knowledge of Static Discharge by Vehumet.
  6840 | D:7      | Reached ** piety under Vehumet
  7046 | D:7      | Reached XP level 9. HP: 71/71 MP: 10/12
  7672 | D:7      | Found a runed translucent gate.
  8128 | D:8      | Reached skill level 5 in Fighting
  8266 | D:8      | Noticed Maggie
  8283 | D:8      | Killed Maggie
  9007 | D:8      | Found a staircase to the Lair.
  9091 | D:8      | Noticed a two-headed ogre
  9103 | D:8      | Killed a two-headed ogre
  9104 | D:8      | Reached skill level 5 in Stealth
  9104 | D:8      | Reached XP level 10. HP: 49/84 MP: 8/16
  9885 | D:9      | Offered knowledge of Dazzling Flash by Vehumet.
 10050 | D:9      | Paralysed by a centaur for 3 turns
 10056 | D:9      | Paralysed by a centaur for 7 turns
 10065 | D:9      | Reached *** piety under Vehumet
 10738 | D:9      | Reached skill level 5 in Spellcasting
 11195 | D:10     | Entered Level 10 of the Dungeon
 11254 | D:10     | Noticed a two-headed ogre
 11267 | D:10     | Killed a two-headed ogre
 11343 | D:10     | Noticed a two-headed ogre
 11351 | D:10     | Killed a two-headed ogre
 11702 | D:10     | Noticed a death knight
 11702 | D:10     | Noticed a wizard
 11702 | D:10     | Noticed a cane toad
 11702 | D:10     | Noticed a tengu warrior
 11702 | D:10     | Noticed an ogre mage
 11702 | D:10     | Noticed a manticore
 11702 | D:10     | Noticed a boulder beetle
 11753 | Lair:1   | Entered Level 1 of the Lair of Beasts
 11888 | Lair:1   | Offered knowledge of Inner Flame by Vehumet.
 11889 | Lair:1   | Reached XP level 11. HP: 86/95 MP: 17/20
 12208 | Lair:1   | Reached skill level 5 in Conjurations
 12356 | Lair:1   | Noticed a catoblepas
 12371 | Lair:1   | Killed a catoblepas
 12491 | Lair:1   | Learned a level 2 spell: Passwall
 13274 | D:5      | Bought a +2 pair of boots for 214 gold pieces
 13386 | Lair:2   | Found a large runed translucent door.
 13386 | Lair:2   | Found a large runed translucent door.
 13462 | Lair:2   | Identified the +7 hand axe of the Blessed Realm {freeze,
                  | rF+}
 13463 | Lair:2   | Noticed indyram44's ghost (journeyman DrCj)
 13801 | Lair:2   | Noticed a five-headed hydra
 13834 | Lair:2   | Killed a five-headed hydra
 13843 | Lair:2   | Reached skill level 10 in Fighting
 14266 | Lair:2   | Found a staircase to the Shoals.
 14576 | Lair:3   | Reached XP level 12. HP: 101/106 MP: 10/21
 14696 | Lair:3   | Reached **** piety under Vehumet
 14735 | Lair:3   | Found a runed translucent door.
 14735 | Lair:3   | Noticed Soisamn's ghost (journeyman GnCA)
 15074 | Lair:3   | Offered knowledge of Conjure Flame by Vehumet.
 15117 | Lair:3   | Noticed a six-headed hydra
 15122 | Lair:3   | Noticed Sonja
 15132 | Lair:3   | Killed a six-headed hydra
 15133 | Lair:3   | Reached skill level 10 in Earth Magic
 15202 | Lair:3   | Killed Sonja
 15867 | Lair:3   | Slain by a komodo dragon

Illustrated notes

Levels and vault maps discovered:
D:1:      onia_arrival_pyramid, layout_loops_ring, lemuel_old_faithful
D:2:      layout_rooms, shapermc_ecumenical_altar_gd, basic_altar
D:3:      layout_basic, mainiacjoe_overflow_swirl, grunt_ministairs_6,
          amethyst_killhole, minivault_11, st_stairs_10, roderic_lattice_a,
          uniq_sigmund, uniq_natasha
D:4:      layout_loops_corners, minmay_temple_entry_proselytizer,
          nrook_campfire, nicolae_shop_gadgets
D:5:      layout_rooms, serial_shops, kennysheep_little_box, shop,
          nicolae_shop_bloodbath_and_beyond, nicolae_take_the_stairs, shop,
          gammafunk_ghost_hive, nicolae_elemental_shop
D:6:      layout_loops_ring, kennysheep_cluttered_room,
          nicolae_figureground_pulse, uniq_prince_ribbit1, uniq_grinder
D:7:      layout_loops_ring, gammafunk_ghost_split
D:8:      layout_loops_ring, grunt_lair_entry_orc_guard_hut, uniq_maggie
D:9:      layout_irregular_city
D:10:     layout_roguey, minivault_28, uniq_joseph, uniq_grum
Lair:1:   layout_gridlike, grunt_megastairs_5
Lair:2:   layout_gridlike, elwin_shoals_entry_stream,
          ebering_ghost_disaster_area
Lair:3:   beast_lair_carwin_large_2, layout_cave_shapes, gammafunk_ghost_grave,
          lemuel_fruit_fields, uniq_sonja

Skill      XL: |  1  2  3  4  5  6  7  8  9 10 11 12 |
---------------+-------------------------------------+-----
Conjurations   | 1 2 3 4 7 |  7.6
Earth Magic    | 4 5 6 7 8 9 10 | 10.3
Fighting       | 2 3 4 6 8 10 | 10.0
Transmutations | 2 3 5 6 7 8 |  8.0
Short Blades   | 1 3 4 |  4.0
Stealth        | 2 4 5 7 |  7.5
Spellcasting   | 4 6 |  6.5
Dodging        | 3 |  3.7

Action                   |  1- 3 |  4- 6 |  7- 9 | 10-12 || total
-------------------------+-------+-------+-------+-------++-------
Melee: Short sword       |    14 |       |       |       ||    14
       Tailslap          |    13 |     7 |    39 |    80 ||   139
       Dagger            |    89 |    34 |   155 |   346 ||   624
       Punch             |     1 |       |       |       ||     1
 Cast: Sandblast         |    38 |    54 |    92 |    53 ||   237
       Petrify           |       |       |    26 |    87 ||   113
       Stone Arrow       |       |       |     3 |    19 ||    22
       Passwall          |       |       |       |     1 ||     1
 Abil: Breathe Acid      |       |       |    13 |     8 ||    21
Evoke: Wand              |       |       |       |     1 ||     1
  Use: Scroll            |       |     4 |     7 |     4 ||    15
       Potion            |       |     2 |     1 |       ||     3
 Stab: Sleeping          |     4 |     1 |     4 |     3 ||    12
       Petrified         |       |       |    46 |   118 ||   164
       Petrifying        |       |       |     6 |    22 ||    28
Armor: Skin              |    25 |    20 |    63 |   138 ||   246
Dodge: Dodged            |    81 |    30 |    97 |   218 ||   426

Table legend: (Time is in decaauts)
 A = Elapsed time spent in this place.
 B = Non-inter-level travel time spent in this place.
 C = Inter-level travel time spent in this place.
 D = Time resting spent in this place.
 E = Time spent auto-exploring this place.
 F = Levels seen in this place.
 G = Mean time per level.
                   A        B        C        D        E       F      G
               +--------+--------+--------+--------+--------+-----+--------+
         Total |  15816 |  15056 |    760 |   1121 |  11534 |  13 | 1216.6 |
       Dungeon |  11886 |  11292 |    594 |    994 |   8556 |  10 | 1188.6 |
          Lair |   3930 |   3765 |    165 |    127 |   2977 |   3 | 1310.0 |
               +--------+--------+--------+--------+--------+-----+--------+

Top non-repeatable levels by time:
     D:8: 1954 daAuts
  Lair:1: 1470 daAuts
     D:6: 1354 daAuts
     D:9: 1300 daAuts
     D:4: 1271 daAuts
     D:3: 1254 daAuts
  Lair:2: 1238 daAuts
     D:1: 1226 daAuts
  Lair:3: 1221 daAuts
     D:7: 1188 daAuts
     D:5: 1076 daAuts
     D:2: 755 daAuts
    D:10: 504 daAuts
